 Dungeon Crawl Stone Soup version 0.29.0-11-gd7f09526c8 (webtiles) character file.

Game seed: 3263808775796628891

106 PhineusFerb the Ducker (level 4, -4/45 HPs)
             Began as a Troll Fighter on Sept 6, 2022.
             Slain by a sky beast (5 damage)
             ... on level 6 of the Dungeon.
             The game lasted 00:06:10 (552 turns).

PhineusFerb the Ducker (Troll Fighter)               Turns: 552, Time: 00:06:11

Health: -4/45      AC: 12    Str: 25 (26) XL:     4   Next: 55%
Magic:  3/3        EV: 10    Int:  2 (4)  God:
Gold:   9          SH:  0    Dex:  9      Spells: 3/3 levels left

rFire   . . .      SeeInvis .   f - +2 bardiche (protect)
rCold   . . .      Faith    .   (shield currently unavailable)
rNeg    . . .      Spirit   .   b - +1 robe
rPois   .          Reflect  .   (helmet restricted)
rElec   .          Harm     .   (no cloak)
rCorr   .          Rampage  .   (gloves unavailable)
Will    .....                   (boots unavailable)
Stlth   +.........              (no amulet)
HPRegen 0.95/turn               (no ring)
MPRegen 0.08/turn               (no ring)

@: under a protective aura
A: large, unfitting armour, claws 3, regeneration 1, shaggy fur 1, tough skin 1
a: no special abilities


You were on level 6 of the Dungeon.
You visited 1 branch of the dungeon, and saw 6 of its levels.

You collected 9 gold pieces.

Inventory:

Hand Weapons
 a - a +0 war axe
 f - a +2 bardiche of protection (weapon)
Armour
 b - a +1 robe (worn)
 c - a +0 kite shield
Scrolls
 d - 2 scrolls of identify


   Skills:
 + Level 3.1 Fighting
 + Level 2.4 Axes
 + Level 3.2 Dodging
 + Level 3.1 Shields


You had 3 spell levels left.
You didn't know any spells.
Your spell library contained the following spells:

 Spells                   Type           Power      Damage    Failure   Level
 Inner Flame              Hex/Fire       0%         N/A       89%         3
 Cause Fear               Hex            0%         N/A       100%        4
 Conjure Ball Lightning   Conj/Air       0%         3x3d6     100%        6
 Discord                  Hex            0%         N/A       100%        8
 Disjunction              Tloc           0%         N/A       100%        8


Dungeon Overview and Level Annotations

Branches:
Dungeon (6/15)
 Temple: D:4-7

Altars:
Nemelex Xobeh


Innate Abilities, Weirdness & Mutations

You are too large for most types of armour.
You have claws for hands.
Your natural rate of healing is unusually fast.
You are covered in fur. (AC +1)
You have tough skin. (AC +1)


Message History

Your weapon exudes an aura of protection.
The bullfrog is moderately wounded.
The bullfrog hits you. Something hits you. Something shocks you.
The bullfrog hits you but does no damage.
You closely miss the bullfrog.
The bullfrog is moderately wounded.
The bullfrog hits you. Something hits you. Something shocks you.
* * * LOW HITPOINT WARNING * * *
The bullfrog hits you.
* * * LOW HITPOINT WARNING * * *
You slice the bullfrog!!
You kill the bullfrog!
Something hits you but does no damage.
You feel your strength returning.
You feel your dexterity returning.
Your Axes skill increases to level 2!
You have reached level 4!
You barely miss something.
Your extra speed is starting to run out.
Something hits you but does no damage.
You miss something.
A sky beast appears from thin air!
Reactivating autopickup.
The sky beast hits you but does no damage.
You barely miss the sky beast.
The sky beast hits you but does no damage.
The sky beast hits you.
* * * LOW HITPOINT WARNING * * *
The sky beast shocks you.
* * * LOW HITPOINT WARNING * * *
You slice the sky beast!!
Your weapon exudes an aura of protection.
The sky beast is almost dead.
The sky beast flickers out of sight!
Deactivating autopickup; reactivate with Ctrl-A.
Something hits you but does no damage.
You miss something.
You feel yourself slow down. Something hits you.
* * * LOW HITPOINT WARNING * * *
Something shocks you.
You die...

.....$.# .....|.#
......##### .........#
#####......^#
............#
............############
.......@{...'>..........
............############
.....######## .... ...
.. .


There were no monsters in sight!

Vanquished Creatures
  A bullfrog (D:6)
  3 adders
  A dart slug (D:1)
  A bat (D:2)
  2 endoplasms
  A hobgoblin (D:1)
  A kobold (D:1)
  2 quokkas
  5 rats
17 creatures vanquished.

Vanquished Creatures (others)
  3 fungi (D:2)
  4 plants (D:2)
7 creatures vanquished.

Grand Total: 24 creatures vanquished

Notes
Turn   | Place    | Note
-------+----------+-------------------------------------------
     0 | D:1      | PhineusFerb the Troll Fighter began the quest for the Orb.
     0 | D:1      | Reached XP level 1. HP: 22/22 MP: 0/0
    87 | D:1      | Reached XP level 2. HP: 29/29 MP: 1/1
   185 | D:2      | Found a faded altar of an unknown god.
   314 | D:3      | Reached XP level 3. HP: 36/37 MP: 2/2
   336 | D:3      | Identified 2 scrolls of acquirement
   336 | D:3      | Acquired a +2 bardiche of protection
   388 | D:3      | You fall into a shaft and drop 1 floor!
   401 | D:4      | Acquired 414 gold pieces
   408 | D:5      | Entered Level 5 of the Dungeon
   466 | D:6      | Found a sparkling altar of Nemelex Xobeh.
   537 | D:6      | Noticed a sky beast
   539 | D:6      | Noticed a bullfrog
   546 | D:6      | Killed a bullfrog
   547 | D:6      | Reached XP level 4. HP: 5/45 MP: 3/3
   550 | D:6      | HP: 2/45 [sky beast (5)]
   552 | D:6      | Slain by a sky beast

Illustrated notes

Levels and vault maps discovered:
D:1:      ldierk_walled_garden_2, layout_rooms, serial_shops,
          nicolae_shop_hallway_plus, minmay_unequal
D:2:      layout_basic, shapermc_ecumenical_altar_acropolis
D:3:      layout_basic, lemuel_doored_altar, minitemple
D:4:      layout_rooms, nicolae_gozag_seed_capital, lemuel_another_geyser,
          uniq_crazy_yiuf_cottage
D:5:      minmay_inner_zag, layout_cave_pools,
          nicolae_hepliaklqana_monster_ancestors, temple_statues, serial_shops,
          nicolae_shop_stone
D:6:      layout_basic, mainiacjoe_overflow_alcove_3,
          nemelex_diamond_rough_becter, nicolae_tso_besieged_by_evil,
          serial_shops, nicolae_shop_stone

Skill      XL: |  1  2  3 |
---------------+----------+-----
Shields        | 3 |  3.1
Fighting       | 3 |  3.1
Dodging        | 3 |  3.2
Axes           | 2 |  2.4

Action                   |  1- 3 |  4- 6 || total
-------------------------+-------+-------++-------
Melee: War axe           |    61 |       ||    61
       Bardiche          |    15 |     5 ||    20
  Use: Potion            |     6 |       ||     6
       Scroll            |     5 |       ||     5
Armor: Robe              |    34 |     4 ||    38
Dodge: Dodged            |    44 |       ||    44
Block: Kite shield       |    26 |       ||    26
